 Dungeon Crawl Stone Soup version 0.14-a0-1097-gc7db7fc (webtiles) character file.

6168 M4edhros the Prestidigitator (level 10, -1/65 HPs)
             Began as an Octopode Artificer on Nov 28, 2013.
             Was the Champion of Cheibriados.
             Slain by a two-headed ogre
             ... wielding a +0,+0 giant spiked club
              (23 damage)
             ... on Level 10 of the Dungeon.
             The game lasted 00:28:04 (12317 turns).

M4edhros the Prestidigitator (Octopode Artificer)  Turns: 12317, Time: 00:28:04

HP  -1/65        AC  1     Str 27      XL: 10   Next: 78%
MP  22/22        EV 17     Int 32      God: Cheibriados [******]
Gold 387         SH 19     Dex 27      Spells:  1 memorised, 11 levels left

rFire  + . .     SeeInvis .     Q - +2,+0 spear (venom)
rCold  x . .     Clarity  .     L - +0 shield
rNeg   + . .     Conserve .     (helmet restricted)
rPois  .         rCorr    .     (no amulet)
rElec  +         rRot     .     M - ring of sustenance
SustAb + .       Spirit   .     u - ring of sustain abilities
rMut   .         Warding  .     H - ring of fire
Saprov . . .     Stasis   .     k - ring of positive energy {unknown}
                                (no ring)
                                (no ring)
                                (no ring)
                                (no ring)

@: mildly poisoned, very slow, somewhat resistant to hostile enchantments, quite
stealthy
A: almost no armour, amphibious, 8 rings, constrict 8, camouflage 1, electricity
resistance, gelatinous body 1
a: Bend Time, Temporal Distortion, Slouch, Step From Time, Renounce Religion


You were on level 10 of the Dungeon.
You worshipped Cheibriados.
Cheibriados was exalted by your worship.
You were not hungry.

You visited 2 branches of the dungeon, and saw 11 of its levels.

You collected 387 gold pieces.

Inventory:

Hand weapons
 s - a +0 blowgun
 A - the +7,+4 halberd of the Lesser Evil {chop, *Tele +Blink +Inv}
   (You found it on level 4 of the Dungeon)

   It inflicts extra damage upon your enemies.
   It lets you turn invisible.
   It lets you blink.
   It causes teleportation.
 C - a +4,+3 spear of dragon slaying
 Q - a +2,+0 spear of venom (weapon)
Missiles
 d - 15 poisoned sling bullets
 e - 7 needles of slowing
 h - 18 sling bullets
 l - 43 stones (quivered)
 t - 3 poisoned needles
Armour
 L - a +0 shield (worn)
Magical devices
 b - a wand of polymorph (14)
 c - a wand of enslavement (0)
 p - a wand of paralysis (5)
 q - a wand of paralysis (9)
 x - a wand of frost (8)
 D - a wand of digging (12)
 I - a wand of paralysis (2)
 O - a wand of frost (1)
 P - a wand of flame (3)
Comestibles
 f - 6 bread rations
 i - 4 pears
 r - a sausage
 v - 4 apples
 w - 2 chokos
 N - 4 meat rations
Scrolls
 a - a scroll of remove curse
 g - 4 scrolls of enchant armour {unknown}
 n - 2 scrolls of recharging
 o - a scroll of silence
 T - a scroll of enchant weapon I
Jewellery
 k - a ring of positive energy (on tentacle) {unknown}
 u - a ring of sustain abilities (right tentacle)
 H - a ring of fire (on tentacle)
 J - a cursed ring of teleportation {unknown}
 M - a ring of sustenance (left tentacle)
Potions
 B - 2 potions of flight
 E - a potion of brilliance
 F - a potion of curing
 R - 2 potions of cure mutation
Books
 m - a book of the Tempests

   Spells                             Type                      Level
   *Static Discharge                  Conjuration/Air              3
   Lightning Bolt                     Conjuration/Air              5
   Fireball                           Conjuration/Fire             5
   Tornado                            Air                          9
   Shatter                            Earth                        9
 G - a book of Summonings

   Spells                             Type                      Level
   Abjuration                         Summoning                    3
   Recall                             Summoning/Translocation      3
   Summon Elemental                   Summoning                    4
   Shadow Creatures                   Summoning                    5
   Summon Demon                       Summoning                    5
   Summon Ugly Thing                  Summoning                    6
Magical staves
 y - an uncursed staff of power


   Skills:
 - Level 6.2 Fighting
   Level 1.0 Short Blades
   Level 0.6 Maces & Flails
 + Level 7.2 Polearms
 + Level 7.0 Dodging
 - Level 1.3 Stealth
 + Level 2.5 Spellcasting
 * Level 4.3 Conjurations
 * Level 4.3 Air Magic
 - Level 10.0 Evocations


You had 11 spell levels left.
You knew the following spells:

 Your Spells              Type           Power        Failure   Level  Hunger
a - Static Discharge      Conj/Air       ####....     28%         3    ###....


Dungeon Overview and Level Annotations

Branches:
Dungeon (10/16)            Temple (1/1) D:5
    Orc: D:9-12        Lair: D:8-11

Altars:
Ashenzari
Cheibriados
Elyvilon
Fedhas
Kikubaaqudgha
Makhleb
Nemelex Xobeh
Okawaru
Sif Muna
Trog
Vehumet
Xom
Yredelemnul
Zin
the Shining One

Portals:
Ziggurat: D:5 (3970 gp)

Annotations:
D:10 Gastronok


Innate Abilities, Weirdness & Mutations

You cannot wear most types of armour.
You are amphibious.
You can wear up to eight rings at the same time.
You can use your tentacles to constrict many enemies at once.
Your skin changes colour to match your surroundings (Stlth).
Your rubbery body absorbs attacks (AC +1).
You are resistant to electric shocks.


Message History

The elephant is almost dead.
You kill the elephant!
Cheibriados thoroughly appreciates the change of pace.
Your Dodging skill increases to level 7!
The adder bites you.
You are poisoned.
The adder poisons you!
You hit the two-headed ogre.
The two-headed ogre is lightly wounded.
The two-headed ogre closely misses you. The two-headed ogre barely misses you.
The adder closely misses you.
You hit the two-headed ogre.
The two-headed ogre is poisoned.
Your squeeze misses the two-headed ogre.
The two-headed ogre is lightly wounded.
You feel sick. You block the adder's attack.
You hit the two-headed ogre.
The two-headed ogre is moderately wounded.
The two-headed ogre barely misses you.
The two-headed ogre hits you with a giant club!
You die...

................#####..#
.......................#
#####.................<#
#...........#####..#
#...........# #...
#...........# #...
######...........# #..#
#..).....S>......#####..#
#.<.....@O..............#
#...(....######........S#
#........# #..#####...
#....(...# ..# #...
#........# ..# ..#
#........# ..# #........#
..# #........# ..#
#........# .


You could see a two-headed ogre and an adder.

Vanquished Creatures
  An elephant (D:10)
  A trapdoor spider (D:8)
  A basilisk (D:9)
  A hill giant zombie (D:9)
  4 yaks
  A hippogriff (D:9)
  A manticore (D:9)
  Menkaure (D:5)
  A necrophage (D:7)
  5 orc warriors
  An ice beast (D:8)
  A phantom (D:9)
  5 sky beasts
  A yellow wasp (D:9)
  2 black bears
  5 ogres
  Sigmund (D:7)
  2 centaurs
  A big kobold (D:9)
  A water moccasin (D:7)
  3 giant frogs
  A wyvern zombie (D:9)
  An eye of draining (D:9)
  A vampire bat (D:5)
  5 wights (D:7)
  6 crimson imps
  2 goliath beetles
  3 hounds
  5 orc wizards
  4 orc priests
  A black bear zombie (D:6)
  4 iguanas
  5 worker ants
  A worker ant zombie (D:8)
  3 gnolls
  12 adders
  4 worms
  A scorpion zombie (D:8)
  4 giant geckos
  2 oozes
  17 orcs
  2 spectral bats (D:5)
  3 ball pythons
  3 bat skeletons (D:5)
  A bat zombie (D:5)
  3 fire bats (D:5)
  17 goblins
  14 hobgoblins
  17 jackals
  22 kobolds
  6 quokkas
  21 bats
  A bat simulacrum (D:5)
  5 giant cockroaches
  A giant gecko skeleton (D:4)
  3 giant newts
  A giant newt skeleton (D:4)
  A hobgoblin zombie (D:8)
  A kobold skeleton (D:5)
  An orc skeleton (D:4)
  A quokka skeleton (D:4)
  18 rats
264 creatures vanquished.

Vanquished Creatures (collateral kills)
  An orc priest (D:8)
  An adder (D:4)
  2 gnolls
  A hobgoblin (D:6)
  A kobold (D:3)
6 creatures vanquished.

Grand Total: 270 creatures vanquished

Notes
Turn   | Place    | Note
--------------------------------------------------------------
     0 | D:1      | M4edhros, the Octopode Artificer, began the quest for the Orb.
     0 | D:1      | Reached XP level 1. HP: 14/14 MP: 1/1
    96 | D:1      | Reached skill level 4 in Evocations
    96 | D:1      | Reached XP level 2. HP: 10/19 MP: 3/3
   746 | D:2      | Reached XP level 3. HP: 18/24 MP: 5/5
   920 | D:2      | Reached skill level 5 in Evocations
  1508 | D:3      | Reached XP level 4. HP: 15/29 MP: 7/7
  1931 | D:4      | Reached skill level 6 in Evocations
  1941 | D:4      | Gained mutation: Your body is slowly deteriorating. [potion of mutation]
  1941 | D:4      | Lost mutation: Your body is slowly deteriorating. [potion of mutation]
  1941 | D:4      | Gained mutation: You are resistant to electric shocks. [potion of mutation]
  2221 | D:4      | Gained mutation: You are clumsy. (Dex -2) [potion of mutation]
  2221 | D:4      | Gained mutation: Space occasionally distorts in your vicinity. [potion of mutation]
  2221 | D:4      | Gained mutation: You are partially covered in rugged brown scales (AC +1, +3% HP). [potion of mutation]
  2292 | D:4      | Reached XP level 5. HP: 16/35 MP: 10/10
  2712 | D:4      | Reached skill level 7 in Evocations
  3112 | D:4      | Noticed an ogre
  3118 | D:4      | Killed an ogre
  3118 | D:4      | Reached skill level 8 in Evocations
  3118 | D:4      | Reached XP level 6. HP: 10/40 MP: 14/14
  3614 | D:4      | Noticed an ice beast
  3636 | D:4      | Got a crystal halberd
  3644 | D:4      | Noticed a rock worm
  3644 | D:4      | an ice beast changed into a rock worm
  3675 | D:5      | Entered Level 5 of the Dungeon
  3678 | D:5      | Found a staircase to the Ecumenical Temple.
  3684 | Temple   | Entered the Ecumenical Temple
  3763 | Temple   | Identified the +7,+4 halberd of the Lesser Evil {chop, *Tele +Blink +Inv} (You found it on level 4 of the Dungeon)
  3873 | Temple   | Became a worshipper of Cheibriados the Contemplative
  3898 | D:5      | Found a gateway to a ziggurat.
  3899 | D:5      | Noticed an angel
  3954 | D:5      | Found a burning altar of Makhleb.
  4154 | D:5      | Noticed Menkaure
  4271 | D:5      | Killed Menkaure
  4271 | D:5      | Reached skill level 9 in Evocations
  4271 | D:5      | Reached XP level 7. HP: 45/45 MP: 16/18
  4435 | D:5      | Reached skill level 1 in Polearms
  6083 | D:1      | Acquired Cheibriados' first power
  6604 | D:6      | Reached skill level 10 in Evocations
  6604 | D:6      | Reached XP level 8. HP: 42/52 MP: 20/20
  6843 | D:6      | Found a shimmering altar of Xom.
  6965 | D:6      | Found a shattered altar of Ashenzari.
  6966 | D:6      | Found a deep blue altar of Sif Muna.
  6973 | D:6      | Found a bloodstained altar of Trog.
  7173 | D:6      | Paralysed by an orc priest for 2 turns
  7251 | D:6      | Paralysed by a potion of paralysis for 6 turns
  7470 | D:6      | Acquired Cheibriados' second power
  7609 | D:6      | Reached XP level 9. HP: 59/59 MP: 21/21
  7794 | D:7      | Reached skill level 5 in Polearms
  7963 | D:7      | Reached skill level 5 in Fighting
  7987 | D:7      | Lost mutation: You are clumsy. (Dex -2) [potion of cure mutation]
  7987 | D:7      | Lost mutation: Space occasionally distorts in your vicinity. [potion of cure mutation]
  7987 | D:7      | Lost mutation: You are partially covered in rugged brown scales (AC +1, +3% HP). [potion of cure mutation]
  8058 | D:7      | Reached skill level 5 in Dodging
  8350 | D:7      | Noticed Sigmund
  8355 | D:7      | Killed Sigmund
  8403 | D:7      | Found a burning altar of Makhleb.
  8483 | D:7      | Acquired Cheibriados' third power
  9656 | D:8      | Learned a level 3 spell: Static Discharge
  9785 | D:8      | Found a bloodstained altar of Trog.
  9818 | D:8      | Reached skill level 1 in Conjurations
  9818 | D:8      | Reached skill level 1 in Air Magic
 10099 | D:8      | Reached XP level 10. HP: 40/65 MP: 22/22
 10347 | D:8      | Reached skill level 1 in Spellcasting
 11406 | D:9      | Found a radiant altar of Vehumet.
 11407 | D:9      | Found a burning altar of Makhleb.
 11695 | D:10     | Entered Level 10 of the Dungeon
 11722 | D:10     | Noticed Gastronok
 12077 | D:10     | Noticed an elephant
 12081 | D:10     | Noticed an elephant
 12089 | D:10     | Noticed an elephant
 12314 | D:10     | Killed an elephant
 12317 | D:10     | Slain by a two-headed ogre

Action                   |  1- 3 |  4- 6 |  7- 9 | 10-12 || total
-------------------------+-------+-------+-------+-------++-------
Melee: Short sword       |    72 |    72 |     8 |       ||   152
       Halberd           |       |    16 |   203 |       ||   219
       Great mace        |       |    14 |       |       ||    14
       Spear             |       |       |    51 |   186 ||   237
Evoke: Wand              |     2 |    25 |    12 |     8 ||    47
  Use: Potion            |     2 |     4 |    12 |     3 ||    21
       Scroll            |       |     6 |    10 |     7 ||    23
 Stab: Sleeping          |     3 |     7 |    31 |     5 ||    46
       Distracted        |     1 |     1 |     3 |     3 ||     8
       Paralysed         |       |       |     4 |       ||     4
       Invisible         |       |       |       |     4 ||     4
